[Event "GER-chT Youth Countries 2018"]
[Site "Wurzburg"]
[Date "2018.10.04"]
[Round "3"]
[White "Kluehs, Gustaf"]
[Black "Weidenhoefer, Max"]
[Result "0-1"]
[ECO "D08"]
[WhiteElo "1775"]
[BlackElo "1596"]
[Annotator "NA RC"]
[PlyCount "56"]
[EventDate "2018.10.03"]
[EventType "team-tourn"]
[EventCountry "GER"]
[SourceTitle "playchess.com"]
[Source "ChessBase"]
[SourceQuality "1"]
[TimeControl "40/5400+30:1800+30"]

1. d4 d5 2. c4 e5 3. dxe5 d4 4. Nf3 Nc6 5. Bg5 Be7 6. h4 Bxg5 7. hxg5 Be6 8. Nbd2 Qd7 9. a3 Nge7 10. g3 Ng6 11. Bg2 O-O-O 12. b4 h6 13. gxh6 Rxh6 14. Rxh6 gxh6 15. b5 Ncxe5 16. Nxe5 Nxe5 17. Qa4 Kb8 18. c5 Bd5 19. Ne4 Qe7 20. f4 Ng4 21. Bh3 Qxe4 22. Bxg4 Qh1+ 23. Kf2 Qg2+ 24. Ke1 Qxg3+ 25. Kd1 Qg1+ 26. Kd2 Qxa1 27. c6 Qc3+ 28. Kd1 Bb3+ 0-1

[Event "GER-chT Youth Countries 2018"]
[Site "Wurzburg"]
[Date "2018.10.04"]
[Round "3"]
[White "Dietz, Kristin"]
[Black "Doll, Rebecca"]
[Result "1/2-1/2"]
[ECO "C74"]
[WhiteElo "1762"]
[BlackElo "1722"]
[Annotator "NA RC"]
[PlyCount "99"]
[EventDate "2018.10.03"]
[EventType "team-tourn"]
[EventCountry "GER"]
[SourceTitle "playchess.com"]
[Source "ChessBase"]
[SourceQuality "1"]
[TimeControl "40/5400+30:1800+30"]

1. e4 e5 2. Nf3 Nc6 3. Bb5 a6 4. Ba4 d6 5. c3 f5 6. d3 Nf6 7. Nbd2 g6 8. Qe2 Qe7 9. O-O Bg7 10. Re1 fxe4 11. Nxe4 O-O 12. d4 Nxe4 13. Qxe4 Bf5 14. Qe2 e4 15. Bxc6 bxc6 16. Nd2 d5 17. Nb3 Qh4 18. h3 Rf7 19. Qe3 Bxh3 20. Rf1 Bg4 21. Qg5 Bf6 22. Qxh4 Bxh4 23. Be3 Raf8 24. Rae1 Bc8 25. Rc1 Bg4 26. Rc2 Kg7 27. Nc5 a5 28. c4 dxc4 29. Rfc1 Bc8 30. g3 Be7 31. Rxc4 Bf5 32. Nb3 Be6 33. Rxc6 Bxb3 34. axb3 Bd6 35. Ra6 Rf5 36. Ra7 Rb5 37. Rc3 Rfb8 38. Rc6 R8b7 39. Rxb7 Rxb7 40. Rc3 Bb4 41. Rc1 Bd6 42. Bd2 Rb5 43. Rc3 Kf6 44. Re3 Kf5 45. Kg2 g5 46. f3 exf3+ 47. Kxf3 g4+ 48. Ke2 Rd5 49. Bc3 Rb5 50. Bd2 {[%emt 0:00:00] Ke5} 1/2-1/2

[Event "GER-chT Youth Countries 2018"]
[Site "Wurzburg"]
[Date "2018.10.04"]
[Round "3"]
[White "Oberhofer, Marie"]
[Black "Haenselmann, Hendrik"]
[Result "1/2-1/2"]
[ECO "B28"]
[WhiteElo "1724"]
[BlackElo "1660"]
[Annotator "NA RC"]
[PlyCount "88"]
[EventDate "2018.10.03"]
[EventType "team-tourn"]
[EventCountry "GER"]
[SourceTitle "playchess.com"]
[Source "ChessBase"]
[SourceQuality "1"]
[TimeControl "40/5400+30:1800+30"]

1. e4 c5 2. Nf3 a6 3. d4 cxd4 4. Nxd4 Nf6 5. Nc3 e5 6. Nf3 Bb4 7. Bc4 O-O 8. Qd3 d6 9. O-O Bxc3 10. bxc3 Qc7 11. Ba3 Rd8 12. Ng5 Rd7 13. Rad1 h6 14. Nxf7 Rxf7 15. Bxd6 Qd7 16. Bxf7+ Kxf7 17. Bxe5 Qxd3 18. cxd3 Nc6 19. Bf4 Be6 20. a3 b5 21. Rfe1 Bb3 22. Rd2 Re8 23. Kf1 Kg6 24. f3 Nh5 25. Bg3 Rd8 26. f4 Nxg3+ 27. hxg3 Na5 28. d4 Nc4 29. Rf2 Nxa3 30. Ra1 b4 31. f5+ Kf7 32. Rf3 Nc4 33. Ke2 a5 34. cxb4 a4 35. Rd3 Nd6 36. Re3 Re8 37. Kd3 Rc8 38. Ree1 Bc2+ 39. Ke3 Nxe4 40. Kf4 Nf6 41. Rec1 Rc6 42. Ra2 Be4 43. Rc5 Rxc5 44. dxc5 Bc6 {[%emt 0:02:33] Ke4} 1/2-1/2

[Event "GER-chT Youth Countries 2018"]
[Site "Wurzburg"]
[Date "2018.10.04"]
[Round "3"]
[White "Deuer, Marius"]
[Black "Schilay, Eva"]
[Result "1-0"]
[ECO "C41"]
[WhiteElo "1711"]
[BlackElo "1690"]
[Annotator "NA RC"]
[PlyCount "49"]
[EventDate "2018.10.03"]
[EventType "team-tourn"]
[EventCountry "GER"]
[SourceTitle "playchess.com"]
[Source "ChessBase"]
[SourceQuality "1"]
[TimeControl "40/5400+30:1800+30"]

1. e4 d6 2. d4 Nf6 3. Nc3 e5 4. Nf3 Nbd7 5. Bc4 Be7 6. O-O O-O 7. Qe2 c6 8. a4 a5 9. Ba2 Qc7 10. h3 b6 11. Rd1 Bb7 12. dxe5 dxe5 13. Nh4 Ba6 14. Qf3 Rfe8 15. g4 h6 16. Nf5 Bf8 17. h4 Nc5 18. g5 Nh7 19. g6 Nf6 20. gxf7+ Kh8 21. fxe8=Q Rxe8 22. Nxh6 gxh6 23. Qxf6+ Bg7 24. Qf7 Re7 25. Qg8# 1-0

[Event "GER-chT Youth Countries 2018"]
[Site "Wurzburg"]
[Date "2018.10.04"]
[Round "3"]
[White "Abele, Anais"]
[Black "Fock, Amina"]
[Result "0-1"]
[ECO "B92"]
[WhiteElo "1679"]
[BlackElo "1816"]
[Annotator "NA RC"]
[PlyCount "106"]
[EventDate "2018.10.03"]
[EventType "team-tourn"]
[EventCountry "GER"]
[SourceTitle "playchess.com"]
[Source "ChessBase"]
[SourceQuality "1"]
[TimeControl "40/5400+30:1800+30"]

1. e4 c5 2. Nf3 d6 3. d4 cxd4 4. Nxd4 Nf6 5. Nc3 a6 6. Be3 Ng4 7. Bc1 Nf6 8. Be2 e5 9. Nb3 Be7 10. Be3 Be6 11. f3 h5 12. Qd2 Nbd7 {[%emt 0:01:54] B90: Sicilian Najdorf: Unusual White 6th moves, 6 Be3 Ng4 and 6 Be3 e5} 13. a4 Rc8 14. a5 Qc7 15. O-O O-O 16. Rfd1 Rfd8 {[%emt 0:07:51] [#]} 17. Bd3 $146 ({Predecessor:} 17. Qe1 Nc5 18. Nxc5 dxc5 19. Na4 Rxd1 20. Rxd1 {0-1 (54) Leko,P (2731)-Karjakin,S (2770) Sochi 2014}) 17... Nc5 18. Nxc5 dxc5 19. Qf2 Nd7 20. Nd5 Bxd5 21. exd5 c4 22. Be4 Qd6 23. c3 Rf8 24. Bf5 Rc7 25. Bxd7 (25. Ra4 $14) 25... Rxd7 26. Bb6 Rc8 27. Ra4 {[%emt 0:02:17] [#]} (27. Kh1 $11) 27... Qc6 $1 28. dxc6 Rxd1+ 29. Qf1 Rxf1+ 30. Kxf1 Rxc6 31. Ra1 Kf8 32. Ke2 Rd6 (32... Ke8 $17 33. Bf2 Kd7) 33. Bc5 (33. Ra4 $1 $11 {was the only way to keep the balance.}) 33... Rd5 34. Bxe7+ Kxe7 35. Ra4 Rb5 36. Ra2 Kd6 37. Ke3 f5 38. h3 h4 39. Ra4 Kd5 40. Ra2 f4+ 41. Kf2 e4 42. fxe4+ Kxe4 43. Ke2 Rg5 44. Kf1 Kd3 45. Ra4 Rb5 46. Ra2 Ke3 47. Kg1 f3 48. gxf3 Kxf3 49. Ra4 Rxb2 50. Rxc4 g5 51. Rc5 $2 (51. Ra4) 51... Rb5 52. Rc7 Kg3 $19 (52... Rb1+ $142 53. Kh2 Rb2+ 54. Kg1 Kg3) 53. c4 Rb1# 0-1

[Event "GER-chT Youth Countries 2018"]
[Site "Wurzburg"]
[Date "2018.10.04"]
[Round "3"]
[White "Mundt, Alexandra"]
[Black "Flach, Helene"]
[Result "1/2-1/2"]
[ECO "A06"]
[WhiteElo "1679"]
[BlackElo "1844"]
[Annotator "NA RC"]
[PlyCount "83"]
[EventDate "2018.10.03"]
[EventType "team-tourn"]
[EventCountry "GER"]
[SourceTitle "playchess.com"]
[Source "ChessBase"]
[SourceQuality "1"]
[TimeControl "40/5400+30:1800+30"]

1. Nf3 d5 2. c4 e6 3. b3 Nf6 4. Bb2 Be7 5. g3 O-O 6. Bg2 c5 7. O-O Nc6 8. e3 b6 9. d4 Ba6 {[%emt 0:03:31] A14: Reti-Eröffnung} 10. Nbd2 (10. Ne5 Rc8 11. Nd2 cxd4 12. Nxc6 Rxc6 13. Bxd4 Rc7 14. Qe2 Bb4 15. Rfd1 Qe7 16. a3 Bxd2 17. Qxd2 dxc4 18. Be5 Rd7 19. Bxf6 {1-0 (19) Nakamura,H (2769)-Kramnik,V (2792) Paris 2018}) 10... Rc8 11. Rc1 Qc7 12. Re1 dxc4 $146 ({Vorgänger:} 12... Nb4 13. Ne5 Nxa2 14. Ra1 Nb4 15. Bc3 cxd4 16. exd4 {1-0 (44) Dang,B (2198)-Truong T Thanh,H Hanoi 1995}) 13. Nxc4 Rfd8 14. Nfe5 Bb7 15. Qe2 Nxe5 16. dxe5 Nd5 17. a3 Qb8 18. Qg4 g6 19. Red1 b5 20. Nd6 Bxd6 21. exd6 Nb6 (21... f5 $16 22. Qe2 Qxd6) 22. Qg5 Nd7 23. Bxb7 Qxb7 {[%emt 0:00:46] [#]} 24. Rxc5 $1 Qf3 ({Worse is} 24... Nxc5 25. Qf6 Qh1+ 26. Kxh1 e5 27. Bxe5 Nxb3 28. Qh8#) (24... f6 $16 25. Rxc8 Rxc8) 25. Rcc1 Re8 (25... f6 $142 26. Qf4 Qxf4 27. gxf4 (27. exf4 Rxc1 28. Rxc1 e5 $16) 27... Rxc1 28. Rxc1 e5 29. fxe5 Nxe5 30. Bxe5 fxe5) 26. Qxb5 Rc2 27. Rf1 ({Inferior is} 27. Rxc2 Qxd1+ 28. Kg2 Qxc2 $11) 27... Rxb2 28. Qxd7 Qa8 29. Qc7 Rxb3 30. d7 Rd8 31. Qxd8+ (31. Rfd1 $18 {has better winning chances.} Kg7 32. Qe5+ Kg8 33. Qf6) 31... Qxd8 32. Rc8 Rb8 {[%emt 0:00:17] [#]} 33. Rfc1 $1 ({But not} 33. Rxd8+ $6 Rxd8 34. Rd1 Kf8 $11) 33... Kg7 34. Rxd8 Rxd8 35. Rc7 a6 36. Kf1 Kf6 37. Ke2 Ke7 38. Kd3 (38. Ra7 $16) 38... Rxd7+ 39. Rxd7+ Kxd7 40. Kc3 Kc7 41. Kb3 a5 (41... g5 $11) 42. a4 $11 1/2-1/2

[Event "GER-chT Youth Countries 2018"]
[Site "Wurzburg"]
[Date "2018.10.04"]
[Round "3"]
[White "Amato, Cristiano"]
[Black "Kageler, Anton Paul"]
[Result "1-0"]
[ECO "B21"]
[WhiteElo "1661"]
[BlackElo "1459"]
[Annotator "NA RC"]
[PlyCount "99"]
[EventDate "2018.10.03"]
[EventType "team-tourn"]
[EventCountry "GER"]
[SourceTitle "playchess.com"]
[Source "ChessBase"]
[SourceQuality "1"]
[TimeControl "40/5400+30:1800+30"]

1. e4 c5 2. f4 Nc6 3. Nf3 g6 4. g3 Bg7 5. c3 e6 6. Bg2 Nge7 7. Na3 d5 8. e5 a6 9. d4 cxd4 10. cxd4 Qb6 11. Nc2 O-O 12. O-O Bd7 13. Kh1 Rac8 14. Rb1 Na5 15. Bd2 Bb5 16. Rf2 Nc4 17. Bb4 Rc7 18. b3 Na5 19. Qd2 Rxc2 20. Qxc2 Bd3 21. Qxd3 Qxb4 22. Rc2 Nac6 23. Ra1 Qb6 24. Qc3 Rc8 25. Qc5 Qd8 26. Rac1 Bf8 27. Qc3 Nf5 28. g4 Ba3 29. gxf5 Bxc1 30. Rxc1 exf5 31. Qe3 Qe7 32. e6 Qxe6 33. Qxe6 fxe6 34. Re1 Re8 35. Ng5 Nxd4 36. Bxd5 h6 37. Nxe6 Nxe6 38. Rxe6 Rxe6 39. Bxe6+ Kf8 40. Bc8 b5 41. b4 Ke7 42. Bxa6 Kd6 43. Bxb5 Kc7 44. a4 Kb6 45. Be8 g5 46. fxg5 hxg5 47. Kg2 f4 48. Kf3 Kb7 49. Bd7 Kc7 50. Bg4 1-0

[Event "GER-chT Youth Countries 2018"]
[Site "Wurzburg"]
[Date "2018.10.04"]
[Round "3"]
[White "Grunert, Wilhelm"]
[Black "Liu, Sijia Anna"]
[Result "1/2-1/2"]
[ECO "B90"]
[WhiteElo "1659"]
[BlackElo "1730"]
[Annotator "NA RC"]
[PlyCount "98"]
[EventDate "2018.10.03"]
[EventType "team-tourn"]
[EventCountry "GER"]
[SourceTitle "playchess.com"]
[Source "ChessBase"]
[SourceQuality "1"]
[TimeControl "40/5400+30:1800+30"]

1. e4 c5 2. Nf3 d6 3. d4 cxd4 4. Nxd4 Nf6 5. Nc3 a6 6. Be3 e6 7. f3 b5 8. Qd2 Nbd7 9. g4 Nb6 10. h4 Bb7 11. h5 Nfd7 12. g5 Ne5 13. b3 Rc8 14. f4 Ng4 15. Be2 Nxe3 16. Qxe3 Qc7 17. Kd2 d5 18. e5 Bb4 19. Rh3 Nd7 20. a3 Bc5 21. Qd3 Qa5 22. g6 hxg6 23. Nxe6 fxe6 24. Qxg6+ Kd8 25. Qxg7 Re8 26. h6 d4 27. h7 dxc3+ 28. Kd1 Qb6 29. h8=Q Rxh8 30. Rxh8+ Kc7 31. Rxc8+ Kxc8 32. Ke1 Bg1 33. Qg3 Be4 34. Qxc3+ Qc5 35. Qxc5+ Nxc5 36. Kd2 Bd4 37. Rd1 Bb2 38. b4 Na4 39. Bg4 Bd5 40. Ke3 Kc7 41. f5 Bxe5 42. fxe6 Nb6 43. e7 Nc4+ 44. Ke2 Bc6 45. Bh5 Nd6 46. Rxd6 Kxd6 47. e8=Q Bxe8 48. Bxe8 Bb2 49. a4 bxa4 1/2-1/2

[Event "GER-chT Youth Countries 2018"]
[Site "Wurzburg"]
[Date "2018.10.04"]
[Round "3"]
[White "Werner, Rosalie"]
[Black "Braeutigam, Katerina"]
[Result "0-1"]
[ECO "B01"]
[WhiteElo "1566"]
[BlackElo "1696"]
[Annotator "NA RC"]
[PlyCount "112"]
[EventDate "2018.10.03"]
[EventType "team-tourn"]
[EventCountry "GER"]
[SourceTitle "playchess.com"]
[Source "ChessBase"]
[SourceQuality "1"]
[TimeControl "40/5400+30:1800+30"]

1. e4 d5 2. exd5 Qxd5 3. d4 Qa5+ 4. c3 Bf5 5. Bd2 c6 6. c4 Qc7 7. Nf3 Nf6 8. Nc3 Nbd7 9. Be2 e6 10. O-O Be7 11. Be3 Nb6 12. Qd2 Ne4 13. Nxe4 Bxe4 14. Rac1 O-O 15. Rfd1 Rfd8 16. Qc3 Bf6 17. Qb3 Qe7 18. Rd2 Qc7 19. Rdd1 Nd7 20. Nd2 Bg6 21. f3 Nb6 22. Ne4 Be7 23. a3 f6 24. d5 exd5 25. cxd5 Bf7 26. Bxb6 axb6 27. Bc4 cxd5 28. Bb5 dxe4 29. Rxc7 Bxb3 30. Rxd8+ Bxd8 31. Rxb7 exf3 32. Bc6 Rc8 33. Bxf3 Kf8 34. Rd7 Rc1+ 35. Kf2 Be7 36. Ke3 Be6 37. Rd2 Bc5+ 38. Ke4 Re1+ 39. Kd3 Re3+ 40. Kc2 Bb3+ 41. Kc1 Re1+ 42. Rd1 Be3+ 43. Kb1 Bxd1 44. Bxd1 Rxd1+ 45. Ka2 Rd2 46. a4 Rxg2 47. Ka3 f5 48. b3 f4 49. Kb4 f3 50. Kb5 f2 51. Ka6 f1=Q+ 52. Kb7 Rg6 53. b4 b5 54. a5 Qf7+ 55. Kb8 Re6 56. a6 Re8# 0-1

[Event "GER-chT Youth Countries 2018"]
[Site "Wurzburg"]
[Date "2018.10.04"]
[Round "3"]
[White "Hentschel, Lena"]
[Black "Ruhmke, Rebecca"]
[Result "1-0"]
[ECO "A47"]
[WhiteElo "1533"]
[BlackElo "1399"]
[Annotator "NA RC"]
[PlyCount "67"]
[EventDate "2018.10.03"]
[EventType "team-tourn"]
[EventCountry "GER"]
[SourceTitle "playchess.com"]
[Source "ChessBase"]
[SourceQuality "1"]
[TimeControl "40/5400+30:1800+30"]

1. d4 Nf6 2. Nf3 b6 3. Bf4 Bb7 4. e3 e6 5. Nbd2 d6 6. Be2 Nbd7 7. O-O Be7 8. h3 O-O 9. c3 Ne4 10. Nxe4 Bxe4 11. Bd3 Nf6 12. Bxe4 Nxe4 13. Qd3 d5 14. Ne5 c5 15. Nc6 c4 16. Qc2 Qd7 17. Nxe7+ Qxe7 18. f3 Nd6 19. e4 f6 20. e5 fxe5 21. Bxe5 Nf5 22. Qd2 Rf7 23. Rae1 Re8 24. Rf2 Nh4 25. Qe3 Nf5 26. Qf4 Nh6 27. Qh2 a5 28. Rfe2 Rf5 29. Bc7 b5 30. Rxe6 Qxe6 31. Rxe6 Rxe6 32. Bxa5 Re2 33. Qb8+ Rf8 34. Qxb5 1-0

[Event "GER-chT Youth Countries 2018"]
[Site "Wurzburg"]
[Date "2018.10.04"]
[Round "3"]
[White "Schulz, Hannah"]
[Black "Butenandt, Svenja"]
[Result "0-1"]
[ECO "B01"]
[WhiteElo "1527"]
[BlackElo "1762"]
[Annotator "NA RC"]
[PlyCount "34"]
[EventDate "2018.10.03"]
[EventType "team-tourn"]
[EventCountry "GER"]
[SourceTitle "playchess.com"]
[Source "ChessBase"]
[SourceQuality "1"]
[TimeControl "40/5400+30:1800+30"]

1. e4 d5 2. exd5 Qxd5 3. d4 e5 4. dxe5 Qxd1+ 5. Kxd1 Nc6 6. Nf3 Bg4 7. Be2 O-O-O+ 8. Bd2 Bc5 9. Rf1 Bxf3 10. Bxf3 Nxe5 11. Be2 Nf6 12. f3 Nd5 13. Ke1 Rhe8 14. Nc3 Nc4 15. Nxd5 Rxd5 16. Bc3 Ne3 17. Rc1 Nxg2# {[%emt 0:01:03] Rh1} 0-1

[Event "GER-chT Youth Countries 2018"]
[Site "Wurzburg"]
[Date "2018.10.04"]
[Round "3"]
[White "Woerz, Ann-Sophie"]
[Black "Alferova, Emily"]
[Result "0-1"]
[ECO "C45"]
[WhiteElo "1463"]
[BlackElo "1316"]
[Annotator "NA RC"]
[PlyCount "80"]
[EventDate "2018.10.03"]
[EventType "team-tourn"]
[EventCountry "GER"]
[SourceTitle "playchess.com"]
[Source "ChessBase"]
[SourceQuality "1"]
[TimeControl "40/5400+30:1800+30"]

1. e4 e5 2. Nf3 Nc6 3. d4 exd4 4. Nxd4 Bc5 5. Be3 Qf6 6. c3 Nge7 7. Bc4 Ne5 8. Be2 d6 9. f4 Ng4 10. Bxg4 Qh4+ 11. g3 Qxg4 12. Qxg4 Bxg4 13. Nd2 O-O-O 14. h3 Bd7 15. O-O-O Rhe8 16. Rde1 f5 17. N4b3 Bxe3 18. Rxe3 fxe4 19. Nxe4 Bc6 20. Na5 Nf5 21. Nxc6 bxc6 22. Ree1 h6 23. g4 d5 24. Nc5 Ng3 25. Rxe8 Rxe8 26. Rd1 Ne2+ 27. Kc2 Nxf4 28. h4 Ng2 29. Rd4 Nxh4 30. Ra4 Kd8 31. Rxa7 Re2+ 32. Kb3 Rg2 33. Ra4 Nf3 34. Ne6+ Kd7 35. Nxg7 Ne5 36. Nh5 Nc4 37. Kb4 Rxb2+ 38. Kc5 Rb5+ 39. Kd4 c5+ 40. Kxd5 Nb6+ 0-1

[Event "GER-chT Youth Countries 2018"]
[Site "Wurzburg"]
[Date "2018.10.04"]
[Round "3"]
[White "Genova, Magdalina"]
[Black "Lutz, Adam"]
[Result "0-1"]
[ECO "A13"]
[WhiteElo "1425"]
[BlackElo "1787"]
[Annotator "NA RC"]
[PlyCount "56"]
[EventDate "2018.10.03"]
[EventType "team-tourn"]
[EventCountry "GER"]
[SourceTitle "playchess.com"]
[Source "ChessBase"]
[SourceQuality "1"]
[TimeControl "40/5400+30:1800+30"]

1. c4 e6 2. Nc3 d5 3. cxd5 exd5 4. d4 Nf6 5. e3 Bf5 6. Nge2 c5 7. dxc5 Bxc5 8. g3 Nc6 9. Bg2 O-O 10. Nxd5 Nxd5 11. Qxd5 Qxd5 12. Bxd5 Nb4 13. Bb3 Nd3+ 14. Kf1 Bh3+ 15. Kg1 Ne1 16. Bd5 Rad8 17. Nf4 Rxd5 18. Nxh3 Rd1 19. Nf4 Nc2+ 20. Kg2 Rxh1 21. Kxh1 Nxa1 22. Nd3 Be7 23. b4 Rd8 24. Nb2 Bxb4 25. Kg2 Ba3 26. e4 Rc8 27. Nd3 Bxc1 28. Nxc1 Rxc1 0-1

[Event "GER-chT Youth Countries 2018"]
[Site "Wurzburg"]
[Date "2018.10.04"]
[Round "3"]
[White "Hubert, Charlotte"]
[Black "Nguyen, Jenny Ha-Linh"]
[Result "0-1"]
[ECO "C05"]
[WhiteElo "1376"]
[BlackElo "1230"]
[Annotator "NA RC"]
[PlyCount "104"]
[EventDate "2018.10.03"]
[EventType "team-tourn"]
[EventCountry "GER"]
[SourceTitle "playchess.com"]
[Source "ChessBase"]
[SourceQuality "1"]
[TimeControl "40/5400+30:1800+30"]

1. e4 e6 2. d4 d5 3. Nd2 Nf6 4. e5 Nfd7 5. c3 c5 6. Bd3 Nc6 7. Ne2 Be7 8. Nf3 O-O 9. O-O cxd4 10. cxd4 Nb6 11. Bd2 Bd7 12. Rc1 Rc8 13. Bc3 Nb4 14. Bb1 Nc4 15. Nd2 Qb6 16. a3 Na6 17. Qc2 g6 18. Nf3 Nc7 19. Ba2 Nb5 20. Qb3 Nxc3 21. Rxc3 Nxb2 22. Qxb6 axb6 23. Rb1 Na4 24. Rxc8 Rxc8 25. Rc1 Rxc1+ 26. Nxc1 Bxa3 27. Nd3 b5 28. Bb3 b4 29. Nfe1 Nc3 30. Nc2 Bc6 31. Kf1 Bb5 32. Nce1 Bxd3+ 33. Nxd3 Nb5 34. Ke1 Nxd4 35. Ba2 b3 36. Bb1 b2 37. Kd2 b6 38. Kc3 Nc6 39. Kb3 Bc5 40. Kxb2 Bd4+ 41. Kb3 Nxe5 42. Nxe5 Bxe5 43. h3 Bd4 44. f3 f5 45. Kc2 Kf7 46. Kd3 Bc5 47. Ke2 e5 48. Kd2 e4 49. fxe4 dxe4 50. Ke2 b5 51. Ba2+ Kf6 52. Bb3 Ke5 0-1

[Event "GER-chT Youth Countries 2018"]
[Site "Wurzburg"]
[Date "2018.10.04"]
[Round "3"]
[White "Zoellner, Bente"]
[Black "Praus, Pia-Rosa"]
[Result "1-0"]
[ECO "E91"]
[WhiteElo "1354"]
[BlackElo "1150"]
[Annotator "NA RC"]
[PlyCount "97"]
[EventDate "2018.10.03"]
[EventType "team-tourn"]
[EventCountry "GER"]
[SourceTitle "playchess.com"]
[Source "ChessBase"]
[SourceQuality "1"]
[TimeControl "40/5400+30:1800+30"]

1. d4 d6 2. c4 g6 3. e4 Bg7 4. Nf3 Nf6 5. Nc3 O-O 6. Be2 Nbd7 7. Bg5 b6 8. O-O Bb7 9. Bd3 c5 10. d5 a6 11. Qb3 Ng4 12. Be2 Nge5 13. Nxe5 Nxe5 14. Na4 Nd7 15. Bg4 b5 16. cxb5 axb5 17. Qxb5 Ba6 18. Qxd7 Qxd7 19. Bxd7 f6 20. Be3 Bxf1 21. Kxf1 Kh8 22. Be6 Rxa4 23. b3 Rxe4 24. Bd2 f5 25. Rc1 Be5 26. Rc2 Bd4 27. g3 f4 28. Bxf4 Be5 29. Bd2 Bd4 30. f4 Be3 31. Bc3+ Bd4 32. Ba5 g5 33. f5 h5 34. h3 h4 35. g4 Re3 36. Bd2 Rxh3 37. Bxg5 Rg3 38. Bxe7 Re8 39. Bxh4 Rxg4 40. Rh2 Kg7 41. Ke2 Ra8 42. Kf3 Rxh4 43. Rxh4 Rxa2 44. Rg4+ Kf8 45. Rg6 Ra3 46. f6 Rxb3+ 47. Ke2 Re3+ 48. Kd2 Rf3 49. Rg8# 1-0

[Event "GER-chT Youth Countries 2018"]
[Site "Wurzburg"]
[Date "2018.10.04"]
[Round "3"]
[White "Langer, Paul Georg"]
[Black "Keymer, Cecilia"]
[Result "1-0"]
[ECO "C54"]
[WhiteElo "1348"]
[BlackElo "1479"]
[Annotator "NA RC"]
[PlyCount "63"]
[EventDate "2018.10.03"]
[EventType "team-tourn"]
[EventCountry "GER"]
[SourceTitle "playchess.com"]
[Source "ChessBase"]
[SourceQuality "1"]
[TimeControl "40/5400+30:1800+30"]

1. e4 e5 2. Nf3 Nc6 3. Bc4 Bc5 4. c3 Nf6 5. d4 exd4 6. e5 d5 7. Bb5 Nd7 8. cxd4 Bb4+ 9. Bd2 Bxd2+ 10. Nbxd2 Ne7 11. O-O c6 12. Bd3 h6 13. Re1 Nb6 14. Nh4 Be6 15. f4 Qc8 16. Qf3 g6 17. h3 Nf5 18. Nxf5 Bxf5 19. g4 Bd7 20. Re2 Kd8 21. Rf1 Rg8 22. Kh1 Kc7 23. f5 g5 24. e6 fxe6 25. fxe6 Bxe6 26. Qg3+ Kd8 27. Qd6+ Bd7 28. Bh7 Rh8 29. Qf6+ Kc7 30. Qe5+ Kd8 31. Qxh8+ Kc7 32. Qe5+ 1-0

[Event "GER-chT Youth Countries 2018"]
[Site "Wurzburg"]
[Date "2018.10.04"]
[Round "3"]
[White "Schwenke, Mia"]
[Black "Fischer, Darja"]
[Result "0-1"]
[ECO "B18"]
[WhiteElo "1203"]
[BlackElo "1456"]
[Annotator "NA RC"]
[PlyCount "58"]
[EventDate "2018.10.03"]
[EventType "team-tourn"]
[EventCountry "GER"]
[SourceTitle "playchess.com"]
[Source "ChessBase"]
[SourceQuality "1"]
[TimeControl "40/5400+30:1800+30"]

1. e4 c6 2. d4 d5 3. Nc3 dxe4 4. Nxe4 Bf5 5. Ng3 Bg6 6. N1e2 Nd7 7. Nf4 e6 8. h4 Ngf6 9. Bd3 Bxd3 10. Qxd3 Bd6 11. O-O Qc7 12. Nge2 h6 13. g3 O-O-O 14. c4 g5 15. c5 Bxf4 16. Bxf4 gxf4 17. Nxf4 Rdg8 18. Qe3 Rg4 19. Kh1 e5 20. dxe5 Qxe5 21. Qxe5 Nxe5 22. Rad1 Rd8 23. Ra1 Rd2 24. b3 Ne4 25. Nh3 Nxc5 26. Rfe1 Ncd3 27. Rf1 Nf3 28. a4 Re4 29. b4 Rxb4 0-1

[Event "GER-chT Youth Countries 2018"]
[Site "Wurzburg"]
[Date "2018.10.05"]
[Round "4"]
[White "Lagunow, Raphael"]
[Black "Urban, Konstantin"]
[Result "1/2-1/2"]
[ECO "B96"]
[WhiteElo "2417"]
[BlackElo "2279"]
[Annotator "NA"]
[PlyCount "67"]
[EventDate "2018.10.03"]
[EventType "team-tourn"]
[EventCountry "GER"]
[SourceTitle "playchess.com"]
[Source "ChessBase"]
[SourceQuality "1"]
[TimeControl "40/5400+30:1800+30"]

1. e4 c5 2. Nf3 d6 3. d4 cxd4 4. Nxd4 Nf6 5. Nc3 a6 6. Bg5 e6 7. f4 Nbd7 8. Qe2 Qc7 9. O-O-O b5 10. a3 Bb7 11. g4 Rc8 $14 {[%emt 0:05:16] LiveBook: 9 Partien} 12. Bxf6 Nxf6 13. g5 Nd7 14. h4 Be7 15. Rh3 Nb6 16. Kb1 O-O 17. Bg2 Qc4 18. Qg4 Rfe8 19. g6 Bf8 20. gxf7+ Kxf7 21. h5 Nd7 22. Bf1 Nf6 23. Qh4 Qc5 24. Nb3 Qc7 25. Bd3 h6 26. e5 dxe5 27. Bg6+ Kg8 28. Bxe8 Rxe8 29. fxe5 Qxe5 30. Re1 Qg5 31. Qf2 Qg2 32. Qh4 Qg5 33. Qf2 Qg2 34. Qh4 1/2-1/2

[Event "GER-chT Youth Countries 2018"]
[Site "Wurzburg"]
[Date "2018.10.05"]
[Round "4"]
[White "Gschnitzer, Adrian"]
[Black "Degenhard, Simon"]
[Result "1-0"]
[ECO "B43"]
[WhiteElo "2363"]
[BlackElo "2207"]
[Annotator "NA"]
[PlyCount "75"]
[EventDate "2018.10.03"]
[EventType "team-tourn"]
[EventCountry "GER"]
[SourceTitle "playchess.com"]
[Source "ChessBase"]
[SourceQuality "1"]
[TimeControl "40/5400+30:1800+30"]

1. e4 c5 2. Nf3 a6 3. Nc3 e6 4. d4 cxd4 5. Nxd4 Qc7 6. Bd3 Nf6 7. O-O Bc5 8. Nb3 Be7 9. f4 d6 10. a4 Nc6 11. a5 b5 12. axb6 Qxb6+ 13. Kh1 a5 $14 14. Qf3 Rb8 15. Be3 Qc7 16. Nb5 Qd7 17. Nxa5 Nb4 18. Ba7 Rxb5 19. Bxb5 Qxb5 20. Qb3 Qd7 21. Qxb4 Qxa7 22. Nc6 Qb7 23. Qc4 Bd7 24. Nxe7 Kxe7 25. e5 Ne4 26. exd6+ Nxd6 27. Qd4 Rc8 28. Rfd1 Qb8 29. Ra6 Bc6 30. c4 Bxg2+ 31. Kg1 Bc6 32. b3 Qc7 33. Qc5 h6 34. b4 g6 35. Ra7 Bb7 36. Rxd6 Qb8 37. Rxb7+ Qxb7 38. Rb6+ 1-0

[Event "GER-chT Youth Countries 2018"]
[Site "Wurzburg"]
[Date "2018.10.05"]
[Round "4"]
[White "Nothnagel, Marian Can"]
[Black "Ewert, Hannes"]
[Result "1/2-1/2"]
[ECO "C54"]
[WhiteElo "2341"]
[BlackElo "2314"]
[Annotator "NA"]
[PlyCount "47"]
[EventDate "2018.10.03"]
[EventType "team-tourn"]
[EventCountry "GER"]
[SourceTitle "playchess.com"]
[Source "ChessBase"]
[SourceQuality "1"]
[TimeControl "40/5400+30:1800+30"]

1. e4 e5 2. Nf3 Nc6 3. d4 exd4 4. Bc4 Bc5 5. c3 Nf6 6. e5 d5 7. Bb5 Ne4 8. cxd4 Bb6 9. O-O O-O 10. Be3 $11 {[%emt 0:07:33] LiveBook: 18 Games} Bg4 11. Nc3 f6 12. exf6 Nxc3 13. bxc3 Qxf6 14. Be2 Rae8 15. h3 Bh5 16. Qd2 Qd6 17. Rae1 Bxf3 18. Bxf3 Ne7 19. Bg4 c6 20. g3 Ng6 21. h4 Nxh4 22. gxh4 Qg6 23. Bg5 h6 24. Rxe8 1/2-1/2